 Dungeon Crawl Stone Soup version 0.28-a0-533-g9f97627e2a (webtiles) character file.

Game seed: 9921843111381047716

471 freelancePsychic the Chiller (level 7, -2/55 HPs)
             Began as a Barachi Ice Elementalist on Sept 26, 2021.
             Slain by a water moccasin skeleton (6 damage)
             ... on level 4 of the Dungeon.
             The game lasted 00:10:00 (5075 turns).

freelancePsychic the Chiller (BaIE)                 Turns: 5075, Time: 00:10:01

Health: -2/55      AC:  2    Str:  9    XL:     7   Next: 9%
Magic:  0/11       EV: 12    Int: 17    God:
Gold:   183        SH:  0    Dex: 13    Spells: 4/12 levels left

rFire   . . .      SeeInvis .   b - +0 short sword
rCold   . . .      Faith    .   (no shield)
rNeg    . . .      Spirit   +   a - +0 robe
rPois   .          Reflect  .   (no helmet)
rElec   .          Harm     .   (no cloak)
rCorr   .          Rampage  .   (no gloves)
Will    .....                   (no boots)
Stlth   ++........              d - amulet of guardian spirit
HPRegen 1.18/turn               (no ring)
MPRegen 0.12/turn               (no ring)

@: freezing walls, slow
A: amphibious, slowness 1, strong legs 1, +LOS, regeneration 1
a: Hop


You were on level 4 of the Dungeon.
You visited 1 branch of the dungeon, and saw 4 of its levels.

You collected 183 gold pieces.

Inventory:

Hand Weapons
 b - a +0 short sword (weapon)
Armour
 a - a +0 robe (worn)
 i - a +0 leather armour
Magical Staves
 k - a staff of earth
Jewellery
 d - an amulet of guardian spirit (around neck)
 l - a +6 ring of dexterity
Scrolls
 j - a scroll of enchant armour
Potions
 e - a potion of attraction {unknown}
 f - 2 potions of mutation
 g - a potion of might {unknown}
 h - 2 potions of heal wounds {unknown}


   Skills:
 + Level 4.9 Fighting
 - Level 2.3 Armour
 - Level 2.1 Dodging
 - Level 1.7 Stealth
 - Level 3.0 Spellcasting
 + Level 2.0 Conjurations
 - Level 1.0 Translocations
 + Level 2.8 Transmutations
 - Level 5.9 Ice Magic


You had 4 spell levels left.
You knew the following spells:

 Your Spells              Type           Power      Damage    Failure   Level
b - Frozen Ramparts       Ice            44%        1d6       4%          3
c - Ozocubu's Armour      Ice            22%        N/A       4%          3
d - Blink                 Tloc           N/A        N/A       17%         2

Your spell library contained the following spells:

 Spells                   Type           Power      Damage    Failure   Level
 Freeze                   Ice            88%        1d10      1%          1
 Hailstorm                Conj/Ice       16%        3d6       32%         4
 Lesser Beckoning         Tloc           6%         N/A       34%         3
 Portal Projectile        Hex/Tloc       8%         N/A       38%         3
 Blade Hands              Tmut           6%         N/A       83%         5
 Manifold Assault         Tloc           6%         N/A       97%         5
 Excruciating Wounds      Necr           1%         N/A       99%         5


Dungeon Overview and Level Annotations

Branches:
Dungeon (4/15)
 Temple: D:4-7

Altars:
Elyvilon

Shops:
D:2 :   D:3 *


Innate Abilities, Weirdness & Mutations

You are amphibious.
You cover ground slowly.
You can hop short distances.
You have an extended range of vision and can be seen from far away.
Your natural rate of healing is unusually fast.


Message History

The water moccasin skeleton bites you.
You closely miss the water moccasin skeleton.
The water moccasin skeleton is heavily damaged.
The water moccasin skeleton completely resists.
The wall freezes the water moccasin skeleton but does no damage.
The water moccasin skeleton bites you!
The wall freezes the iguana.
You completely miss the water moccasin skeleton.
The water moccasin skeleton is heavily damaged.
The frozen ramparts melt away.
The water moccasin skeleton bites you. The iguana closely misses you.
The water moccasin skeleton bites you.
Casting: Frozen Ramparts (dangerous; 4% risk of failure)
Confirm with . or Enter, or press ? or * to list all spells.
Casting: Frozen Ramparts (dangerous; 4% risk of failure)
Press: ? - help, Dir - look around, f - activate The walls around you are covered in ice.
The water moccasin skeleton completely resists.
The wall freezes the water moccasin skeleton but does no damage.
The water moccasin skeleton bites you!
The wall freezes the iguana.
The iguana seems to slow down.
The iguana bites you!
* * * LOW HITPOINT WARNING * * *
You hit the water moccasin skeleton but do no damage.
The water moccasin skeleton is heavily damaged.
The water moccasin skeleton completely resists.
The wall freezes the water moccasin skeleton but does no damage.
The water moccasin skeleton bites you.
* * * LOW HITPOINT WARNING * * *
You hit the water moccasin skeleton.
The water moccasin skeleton is severely damaged.
The water moccasin skeleton resists.
The wall freezes the water moccasin skeleton.
The water moccasin skeleton bites you.
* * * LOW HITPOINT WARNING * * *
The wall freezes the iguana.
The iguana bites you.
* * * LOW HITPOINT WARNING * * *
It was a potion of mutation.
You feel extremely strange.
You begin to heal more quickly.
The water moccasin skeleton completely resists.
The wall freezes the water moccasin skeleton but does no damage.
The water moccasin skeleton bites you.
You die...

######## #...#####
##....... ##...##.
##########...##.
#........'...++.
#........#...##.
#........######.
######............###
#..Z@l.........##.###
#$####....###..#<....
#.# #...### #........
#.#...### #.###.###
#...## #.........
#..# #....##.### #..#
#....###.# # #..#
#....## #.# # #... .
.. #.# #


You could see an iguana (slow) and a water moccasin skeleton.

Vanquished Creatures
  A sky beast (D:4)
  An ogre (D:4)
  A scorpion (D:4)
  A hound (D:4)
  An iguana (D:4)
  7 adders
  A gnoll (D:1)
  5 worms
  3 dart slugs
  2 orcs (D:3)
  6 bats
  5 endoplasms
  A giant cockroach (D:2)
  5 goblins
  9 hobgoblins
  12 jackals
  4 quokkas
  5 ball pythons
  6 frilled lizards
  10 kobolds
  13 rats
99 creatures vanquished.

Notes
Turn   | Place    | Note
-------+----------+-------------------------------------------
     0 | D:1      | freelancePsychic the Barachi Ice Elementalist began the
                  | quest for the Orb.
     0 | D:1      | Reached XP level 1. HP: 13/13 MP: 3/3
   205 | D:1      | Reached skill level 5 in Ice Magic
   256 | D:1      | Reached skill level 1 in Fighting
   256 | D:1      | Reached XP level 2. HP: 19/21 MP: 1/5
   491 | D:1      | Reached XP level 3. HP: 25/27 MP: 2/6
  1170 | D:1      | Learned a level 3 spell: Frozen Ramparts
  1174 | D:1      | Learned a level 3 spell: Ozocubu's Armour
  1396 | D:2      | Found a white marble altar of Elyvilon.
  1416 | D:2      | Reached XP level 4. HP: 26/34 MP: 1/7
  2020 | D:2      | Found a faded altar of an unknown god.
  2118 | D:2      | Found Udaj's Book Boutique.
  2600 | D:3      | Found Hekk's General Store.
  2759 | D:3      | Reached skill level 1 in Translocations
  2759 | D:3      | Reached XP level 5. HP: 19/41 MP: 5/9
  2763 | D:3      | Learned a level 2 spell: Blink
  3824 | D:4      | Identified the +8 bardiche "Usonoh" {freeze, rF- Int+4
                  | Dex+4}
  3882 | D:4      | Reached skill level 1 in Armour
  3931 | D:4      | Noticed an ogre
  3944 | D:4      | HP: 1/41 [ogre (18)]
  3947 | D:4      | Killed an ogre
  3948 | D:4      | Reached skill level 1 in Transmutations
  3948 | D:4      | Reached XP level 6. HP: 3/48 MP: 1/10
  4707 | D:4      | Noticed a sky beast
  4714 | D:4      | Killed a sky beast
  4715 | D:4      | Reached skill level 1 in Conjurations
  4847 | D:4      | Reached XP level 7. HP: 44/55 MP: 0/11
  5075 | D:4      | Gained mutation: Your natural rate of healing is unusually
                  | fast. [potion of mutation]
  5075 | D:4      | Slain by a water moccasin skeleton

Illustrated notes

Levels and vault maps discovered:
D:1:      roderic_crossed_star, layout_basic
D:2:      layout_basic, ebering_ecumenical_altar_sacrificial, basic_altar,
          serial_shops, nicolae_shop_crystal
D:3:      layout_loops_corners, serial_shops, shop, kennysheep_generic_room_11
D:4:      layout_basic, roderic_malta_cross, minmay_manual_mandibuliform

Skill      XL: |  1  2  3  4  5  6 |
---------------+-------------------+-----
Ice Magic      | 5 |  5.9
Fighting       | 1 2 3 4 |  4.9
Translocations | 1 |  1.0
Spellcasting   | 3 |  3.0
Armour         | 2 |  2.3
Transmutations | 1 2 |  2.8
Conjurations   | 2 |  2.0
Dodging        | |  2.1
Stealth        | |  1.7

Action                   |  1- 3 |  4- 6 |  7- 9 || total
-------------------------+-------+-------+-------++-------
Melee: Unarmed           |     5 |       |       ||     5
       Short sword       |    20 |    65 |    12 ||    97
       Staff             |       |     8 |       ||     8
 Cast: Freeze            |    32 |    16 |       ||    48
       Frozen Ramparts   |     3 |    29 |     2 ||    34
       Ozocubu's Armour  |       |     7 |       ||     7
  Use: Scroll            |       |     3 |       ||     3
       Potion            |       |     1 |     1 ||     2
 Stab: Sleeping          |     3 |     6 |       ||     9
Armor: Robe              |     5 |    24 |     1 ||    30
       Leather armour    |       |     4 |       ||     4
Dodge: Dodged            |    23 |    66 |     8 ||    97

Table legend: (Time is in decaauts)
 A = Elapsed time spent in this place.
 B = Non-inter-level travel time spent in this place.
 C = Inter-level travel time spent in this place.
 D = Time resting spent in this place.
 E = Time spent auto-exploring this place.
 F = Levels seen in this place.
 G = Mean time per level.
                   A        B        C        D        E       F      G
               +--------+--------+--------+--------+--------+-----+--------+
         Total |   5567 |   5491 |     76 |    131 |   4595 |   4 | 1391.8 |
       Dungeon |   5567 |   5491 |     76 |    131 |   4595 |   4 | 1391.8 |
               +--------+--------+--------+--------+--------+-----+--------+

Top non-repeatable levels by time:
     D:3: 1659 daAuts
     D:4: 1426 daAuts
     D:1: 1324 daAuts
     D:2: 1157 daAuts
